Sabres vs Blackhawks
(R1)
Created - April 16, 2024 at 19:09
Goals
|
Sabres |
2 |
2 |
2 |
6 |
Blackhawks |
2 |
0 |
2 |
4 |
|
Shots
|
Sabres |
5 |
14 |
16 |
35 |
Blackhawks |
9 |
5 |
11 |
25 |
|
1st period
1. Sabres , John Tavares 38 (Hampus Lindholm 63) at 1:57 (PP)
2. Sabres , Joe Pavelski 12 (Nate Schmidt 17, Timo Meier 14) at 2:06 (PP)
3. Blackhawks , Adrian Kempe 18 (Mike Amadio 17) at 3:16
4. Blackhawks , Adrian Kempe 19 (Derek Stepan 25) at 13:22
Penalties :
Derek Stepan (Chi) for Charging (Double Minor) at 0:09, Jakob Silfverberg (Chi) for Hooking (Minor) at 6:09, Jakob Chychrun (Chi) for Interference (Minor) at 9:39, Radko Gudas (Chi) for Tripping (Minor) at 10:03, Evgeni Malkin (Buf) for Hooking (Minor) at 13:51
2nd period
5. Sabres , John Tavares 39 (Timo Meier 15) at 13:18
6. Sabres , Mathew Dumba 10 (John Tavares 42, Viktor Arvidsson 34) at 13:45 (PP)
Penalties :
Sam Gagner (Buf) for Slashing (Minor) at 8:05, Adrian Kempe (Chi) for Hooking (Minor) at 13:39, Evgeni Malkin (Buf) for Hooking (Minor) at 15:40
3rd period
7. Sabres , Viktor Arvidsson 28 (John Tavares 43) at 2:31 (PP)
8. Sabres , Evgeni Malkin 24 (David Backes 55, Sam Gagner 17) at 10:13
9. Blackhawks , Derek Stepan 29 (Nikita Zaitsev 10, Adrian Kempe 18) at 12:14
10. Blackhawks , Corey Perry 12 (Erik Haula 37, Thomas Chabot 29) at 17:19
Penalties :
William Karlsson (Chi) for Slashing (Minor) at 2:27, Adrian Kempe (Chi) for Hooking (Minor) at 4:58, Hampus Lindholm (Buf) for Roughing (Minor) at 5:25, Evgeni Malkin (Buf) for Goalie Interference (Minor) at 8:02, Andrew Mangiapane (Buf) for Hooking (Minor) at 13:56, Derek Stepan (Chi) for Hooking (Minor) at 14:20
Goalie Stats
John Gibson (Buf), 21 saves from 25 shots - (0.840), W, 38-25-5, 60:00 minutes
Ilya Samsonov (Chi), 11 saves from 15 shots - (0.733), 33:45 minutes
Joe Cannata (Chi), 18 saves from 20 shots - (0.900), L, 3-9-1, 26:15 minutes
Players Stats for Sabres
Player Name G A P +/- PIM S H SB GA TA FO MP PP MP PK MP
------------------------------------------------------------------------------------
Andrew Mangiapane 0 0 0 0 2 0 3 0 0 0 0/0 14:16 0:12 3:42
David Backes 0 1 1 1 0 0 1 0 0 0 0/1 10:28 0:12 0:00
Evgeni Malkin 1 0 1 1 6 2 2 0 0 0 4/11 16:35 2:37 1:21
Hampus Lindholm 0 1 1 -2 2 0 0 4 1 0 0/0 28:51 4:31 4:26
Jamie Arniel 0 0 0 0 0 2 0 0 1 0 4/6 10:26 0:00 4:23
Joe Pavelski 1 0 1 0 0 3 0 0 0 0 0/0 8:52 2:37 0:00
John Tavares 2 2 4 -3 0 4 1 1 0 0 22/34 24:48 4:31 4:18
Kyle Okposo 0 0 0 0 0 4 1 0 0 1 0/0 9:37 0:00 0:00
Mathew Dumba 1 0 1 -2 0 2 3 2 0 1 0/0 30:53 4:32 5:11
Nate Schmidt 0 1 1 0 0 2 0 1 0 0 0/0 20:11 2:48 3:36
Noah Hanifin 0 0 0 0 0 2 0 1 0 0 0/0 9:48 0:00 0:23
Petter Granberg 0 0 0 0 0 1 1 0 0 0 0/0 10:16 0:00 0:22
Ryan Getzlaf 0 0 0 0 0 2 0 0 1 0 3/8 11:10 0:12 0:44
Sam Gagner 0 1 1 -3 2 4 4 0 0 0 0/1 22:04 4:31 2:02
Samuel Morin 0 0 0 0 0 1 0 0 0 0 0/1 6:10 0:00 0:00
Timo Meier 0 2 2 1 0 1 2 0 0 1 2/2 12:33 2:37 0:00
Tyson Barrie 0 0 0 0 0 2 0 0 0 2 0/0 20:11 2:48 3:36
Viktor Arvidsson 1 1 2 -3 0 3 2 2 2 1 2/3 20:51 4:31 1:04
Players Stats for Blackhawks
Player Name G A P +/- PIM S H SB GA TA FO MP PP MP PK MP
------------------------------------------------------------------------------------
Adrian Kempe 2 1 3 3 4 4 0 0 1 0 3/5 19:02 5:04 0:42
Antoine Roussel 0 0 0 -1 0 1 1 0 0 0 0/1 17:24 3:43 1:42
Brett Maclean 0 0 0 -1 0 0 0 0 0 0 0/0 8:14 0:00 0:00
Corey Perry 1 0 1 1 0 1 0 0 1 0 0/0 12:51 3:56 0:00
Derek Stepan 1 1 2 3 6 5 2 0 1 0 9/26 19:27 5:03 0:41
Erik Haula 0 1 1 1 0 0 2 0 0 0 7/11 18:15 3:43 4:05
Jakob Chychrun 0 0 0 1 2 1 0 2 0 1 0/0 17:25 3:10 0:14
Jakob Silfverberg 0 0 0 -1 2 2 1 0 1 0 2/4 17:00 4:51 0:00
James Wright 0 0 0 -1 0 0 1 1 0 0 0/0 8:57 0:00 0:13
Mike Amadio 0 1 1 3 0 0 0 1 0 0 1/1 17:16 0:00 3:41
Nick Bonino 0 0 0 -1 0 2 0 0 0 0 1/5 8:14 0:00 0:00
Nikita Zaitsev 0 1 1 1 0 3 0 1 0 1 0/0 15:48 0:00 4:06
PK Subban 0 0 0 0 0 1 1 3 0 0 0/0 29:08 5:31 4:29
Radko Gudas 0 0 0 1 2 2 3 0 0 1 0/0 20:11 3:16 2:06
Robert Hagg 0 0 0 1 0 0 1 1 0 0 0/0 13:56 0:06 3:07
Sean Bergenheim 0 0 0 1 0 1 1 1 1 0 1/1 8:50 0:00 0:00
Thomas Chabot 0 1 1 0 0 1 1 0 1 2 0/0 24:08 5:31 0:44
William Karlsson 0 0 0 -1 2 1 1 0 0 0 6/13 11:44 0:00 1:54
3 Stars
1 - John Tavares (Buf)
2 - Adrian Kempe (Chi)
3 - Timo Meier (Buf)
Power Play
Sabres - 4 on 9 Attempt(s) - 44.44%
Blackhawks - 0 on 6 Attempt(s) - 0.00%
Penalty Kill
Sabres - 6 on 6 Attempt(s) - 100.00%
- Score 0 goal in Penalty Kill
Blackhawks - 5 on 9 Attempt(s) - 55.56%
- Score 0 goal in Penalty Kill
Team Stat
Sabres - Hits : 20 - Faceoff Wins : 37 - Blocked Shots : 11 - Penalty Minutes : 12
Blackhawks - Hits : 15 - Faceoff Wins : 30 - Blocked Shots : 10 - Penalty Minutes : 18
Official
Referees : Dan Kelly and Tim Peel
Linesman : Brad Kovachik and Tyson Baker
Game Notes
Joe Cannata enters game at 13:45 of 2nd period
Finance
Level 1 -- Attendance: 6000 (100.00%) -- Ticket Income $600,000
Level 2 -- Attendance: 5000 (100.00%) -- Ticket Income $300,000
Level 3 -- Attendance: 2000 (100.00%) -- Ticket Income $70,000
Level 4 -- Attendance: 3714 (92.85%) -- Ticket Income $92,850
Luxury Box -- Attendance: 921 (92.10%) -- Ticket Income $184,200
Game was played at the United Center.
Total Attendance: 17635 (97.97%)
Total Ticket Income: $1,247,050
Other Income: $187,058
Total Income: $1,434,108
Sabres
5 vs 5 Forward
Center Left Wing Right Wing Time % Phy DF OF
1 John Tavares Sam Gagner Viktor Arvidsson 40 1 2 2
2 Evgeni Malkin Timo Meier David Backes 30 1 2 2
3 Ryan Getzlaf Andrew Mangiapane Kyle Okposo 20 1 2 2
4 Jamie Arniel Samuel Morin Joe Pavelski 10 1 2 2
5 vs 5 Defense
Defense Defense Time % Phy DF OF
1 Hampus Lindholm Mathew Dumba 40 1 2 2
2 Nate Schmidt Tyson Barrie 30 1 2 2
3 Petter Granberg Noah Hanifin 20 1 2 2
4 Hampus Lindholm Mathew Dumba 10 1 2 2
PowerPlay Forward
Center Left Wing Right Wing Time % Phy DF OF
1 John Tavares Sam Gagner Viktor Arvidsson 60 1 2 2
2 Evgeni Malkin Timo Meier Joe Pavelski 40 1 2 2
PowerPlay Defense
Defense Defense Time % Phy DF OF
1 Hampus Lindholm Mathew Dumba 60 1 2 2
2 Nate Schmidt Tyson Barrie 40 1 2 2
Penalty Kill 4 Players Forward
Center Wing Time % Phy DF OF
1 John Tavares Evgeni Malkin 60 1 2 2
2 Viktor Arvidsson Sam Gagner 40 1 2 2
Penalty Kill 4 Players Defense
Defense Defense Time % Phy DF OF
1 Hampus Lindholm Mathew Dumba 60 1 2 2
2 Nate Schmidt Tyson Barrie 40 1 2 2
Penalty Kill - 3 Players Forward
Forward Time % Phy DF OF
1 John Tavares 60 1 2 2
2 Evgeni Malkin 40 1 2 2
Penalty Kill - 3 Players Defense
Defense Defense Time % Phy DF OF
1 Hampus Lindholm Mathew Dumba 60 1 2 2
2 Nate Schmidt Tyson Barrie 40 1 2 2
4 vs 4 Forward
Center Wing Time % Phy DF OF
1 John Tavares Evgeni Malkin 60 1 2 2
2 Viktor Arvidsson Sam Gagner 40 1 2 2
4 vs 4 Defense
Defense Defense Time % Phy DF OF
1 Hampus Lindholm Mathew Dumba 60 1 2 2
2 Nate Schmidt Tyson Barrie 40 1 2 2
Last Minutes Offensive
Center Left Wing Right Wing Defense Defense
John Tavares Sam Gagner Viktor Arvidsson Hampus Lindholm Mathew Dumba
Last Minutes Defensive
Center Left Wing Right Wing Defense Defense
John Tavares Sam Gagner Viktor Arvidsson Hampus Lindholm Mathew Dumba
Goaltenders
Starting : John Gibson
Backup : Cam Talbot
Extra Forwards
Normal : David Backes, Ryan Getzlaf, Jamie Arniel - PP : David Backes, Ryan Getzlaf - PK : Jamie Arniel
Extra Defensemen
Normal : Petter Granberg, Noah Hanifin, Nate Schmidt - PP : Petter Granberg - PK : Noah Hanifin, Nate Schmidt
Penalty Shots
John Tavares, Evgeni Malkin, Viktor Arvidsson, Sam Gagner, Joe Pavelski
Custom OT Lines Forwards
John Tavares, Evgeni Malkin, Viktor Arvidsson, Sam Gagner, Joe Pavelski, David Backes, Ryan Getzlaf, Jamie Arniel, Timo Meier, Samuel Morin
Custom OT Lines Defensemen
Hampus Lindholm, Mathew Dumba, Nate Schmidt, Tyson Barrie, Petter Granberg
Scratches
Michael Matheson (Healthy)
Blackhawks
5 vs 5 Forward
Center Left Wing Right Wing Time % Phy DF OF
1 Derek Stepan Adrian Kempe Mike Amadio 40 1 2 2
2 William Karlsson Antoine Roussel Jakob Silfverberg 30 1 2 2
3 Erik Haula Sean Bergenheim Corey Perry 20 1 2 2
4 Nick Bonino Brett Maclean James Wright 10 1 2 2
5 vs 5 Defense
Defense Defense Time % Phy DF OF
1 PK Subban Thomas Chabot 40 1 2 2
2 Radko Gudas Jakob Chychrun 30 1 2 2
3 Nikita Zaitsev Robert Hagg 20 1 2 2
4 PK Subban Thomas Chabot 10 1 2 2
PowerPlay Forward
Center Left Wing Right Wing Time % Phy DF OF
1 Derek Stepan Adrian Kempe Jakob Silfverberg 60 1 2 2
2 Erik Haula Antoine Roussel Corey Perry 40 1 2 2
PowerPlay Defense
Defense Defense Time % Phy DF OF
1 PK Subban Thomas Chabot 60 1 2 2
2 Radko Gudas Jakob Chychrun 40 1 2 2
Penalty Kill 4 Players Forward
Center Wing Time % Phy DF OF
1 Erik Haula Mike Amadio 60 1 2 2
2 William Karlsson Antoine Roussel 40 1 2 2
Penalty Kill 4 Players Defense
Defense Defense Time % Phy DF OF
1 PK Subban Nikita Zaitsev 60 1 2 2
2 Robert Hagg Radko Gudas 40 1 2 2
Penalty Kill - 3 Players Forward
Forward Time % Phy DF OF
1 Erik Haula 60 1 2 2
2 Mike Amadio 40 1 2 2
Penalty Kill - 3 Players Defense
Defense Defense Time % Phy DF OF
1 PK Subban Nikita Zaitsev 60 1 2 2
2 Robert Hagg Radko Gudas 40 1 2 2
4 vs 4 Forward
Center Wing Time % Phy DF OF
1 Jakob Silfverberg Antoine Roussel 60 1 2 2
2 Derek Stepan Erik Haula 40 1 2 2
4 vs 4 Defense
Defense Defense Time % Phy DF OF
1 PK Subban Nikita Zaitsev 60 1 2 2
2 Robert Hagg Radko Gudas 40 1 2 2
Last Minutes Offensive
Center Left Wing Right Wing Defense Defense
Derek Stepan Antoine Roussel Jakob Silfverberg PK Subban Nikita Zaitsev
Last Minutes Defensive
Center Left Wing Right Wing Defense Defense
Derek Stepan Antoine Roussel Jakob Silfverberg PK Subban Nikita Zaitsev
Goaltenders
Starting : Ilya Samsonov
Backup : Joe Cannata
Extra Forwards
Normal : James Wright, William Karlsson, Adrian Kempe - PP : Jakob Silfverberg, Derek Stepan - PK : Mike Amadio
Extra Defensemen
Normal : Thomas Chabot, Jakob Chychrun, Radko Gudas - PP : Thomas Chabot - PK : Radko Gudas, Robert Hagg
Penalty Shots
Jakob Silfverberg, Antoine Roussel, Derek Stepan, Erik Haula, Sean Bergenheim
Custom OT Lines Forwards
Jakob Silfverberg, Antoine Roussel, Derek Stepan, Erik Haula, Sean Bergenheim, Corey Perry, William Karlsson, Adrian Kempe, Mike Amadio, Nick Bonino
Custom OT Lines Defensemen
PK Subban, Nikita Zaitsev, Robert Hagg, Radko Gudas, Thomas Chabot
Scratches
Calvin de Haan (Healthy), Stefan Matteau (Healthy)
% Time on Ice - Sabres
Lines # - Real PCT - Wanted PCT - Time Play
Normal Forward
1 - 35% - 40% - 14:27
2 - 26% - 30% - 10:32
3 - 24% - 20% - 9:37
4 - 15% - 10% - 6:10
Normal Defense
1 - 44% - 40% - 17:56
2 - 32% - 30% - 13:05
3 - 22% - 20% - 8:56
4 - 2% - 10% - 0:49
PP Forward
1 - 64% - 60% - 4:43
2 - 36% - 40% - 2:37
PP Defense
1 - 62% - 60% - 4:32
2 - 38% - 40% - 2:48
PK Forward
1 - 88% - 60% - 7:43
2 - 12% - 40% - 1:04
PK Defense
1 - 59% - 60% - 5:11
2 - 41% - 40% - 3:36
PK3 Forward
1 - 0% - 60%
2 - 0% - 40%
PK3 Defense
1 - 0% - 60%
2 - 0% - 40%
44 Forward
1 - 73% - 60% - 2:17
2 - 27% - 40% - 0:50
44 Defense
1 - 78% - 60% - 2:25
2 - 22% - 40% - 0:42
Last Minute Offensive - 0:00
Last Minute Defensive - 0:00
Total
Forward - 60:00
Defense - 60:00
|
% Time on Ice - Blackhawks
Lines # - Real PCT - Wanted PCT - Time Play
Normal Forward
1 - 34% - 40% - 13:51
2 - 24% - 30% - 9:51
3 - 22% - 20% - 8:50
4 - 20% - 10% - 8:14
Normal Defense
1 - 43% - 40% - 17:29
2 - 34% - 30% - 13:42
3 - 24% - 20% - 9:35
4 - 0% - 10% - 0:00
PP Forward
1 - 58% - 60% - 5:04
2 - 42% - 40% - 3:43
PP Defense
1 - 63% - 60% - 5:31
2 - 37% - 40% - 3:16
PK Forward
1 - 70% - 60% - 4:03
2 - 30% - 40% - 1:42
PK Defense
1 - 59% - 60% - 3:24
2 - 41% - 40% - 2:21
PK3 Forward
1 - 81% - 60% - 1:17
2 - 19% - 40% - 0:18
PK3 Defense
1 - 44% - 60% - 0:42
2 - 56% - 40% - 0:53
44 Forward
1 - 71% - 60% - 2:13
2 - 29% - 40% - 0:54
44 Defense
1 - 64% - 60% - 2:00
2 - 36% - 40% - 1:07
Last Minute Offensive - 0:00
Last Minute Defensive - 0:00
Total
Forward - 60:00
Defense - 60:00
|
Play-by-Play
1st period
0:01 of 1st period - Adrian Kempe wins face-off versus John Tavares in neutral zone.
0:09 of 1st period - Double Minor Penalty to Derek Stepan for Charging.
0:10 of 1st period - Erik Haula wins face-off versus Viktor Arvidsson in Blackhawks zone.
0:42 of 1st period - PK Subban is hit by Evgeni Malkin and loses puck.
1:28 of 1st period - Hampus Lindholm is hit by William Karlsson and loses puck.
1:57 of 1st period - Snap shot by John Tavares.
1:57 of 1st period - Goal by John Tavares - Sabres : 1 - Blackhawks : 0.
1:58 of 1st period - Evgeni Malkin wins face-off versus William Karlsson in neutral zone.
2:04 of 1st period - Wrist shot by Nate Schmidt.
2:04 of 1st period - Shot Misses the Net.
2:06 of 1st period - Slapshot by Nate Schmidt.
2:06 of 1st period - Deflect By Joe Pavelski.
2:06 of 1st period - Goal by Joe Pavelski - Sabres : 2 - Blackhawks : 0.
2:07 of 1st period - Adrian Kempe wins face-off versus Evgeni Malkin in neutral zone.
2:44 of 1st period - Snap shot by Ryan Getzlaf.
2:44 of 1st period - Stopped by Ilya Samsonov with a rebound.
3:16 of 1st period - Wrist shot by Adrian Kempe.
3:16 of 1st period - Goal by Adrian Kempe - Sabres : 2 - Blackhawks : 1.
3:17 of 1st period - John Tavares wins face-off versus William Karlsson in neutral zone.
3:50 of 1st period - Slapshot by Nick Bonino.
3:50 of 1st period - Deflect By John Tavares.
3:50 of 1st period - Stopped by John Gibson without a rebound.
3:51 of 1st period - Timo Meier wins face-off versus Nick Bonino in Sabres zone.
4:24 of 1st period - Snap shot by Radko Gudas.
4:24 of 1st period - Stopped by John Gibson with a rebound.
4:42 of 1st period - Nate Schmidt is hit by Antoine Roussel and loses puck.
4:59 of 1st period - Erik Haula is hit by Viktor Arvidsson and loses puck.
5:24 of 1st period - Backhand shot by Derek Stepan.
5:24 of 1st period - Stopped by John Gibson without a rebound.
5:25 of 1st period - Evgeni Malkin wins face-off versus Derek Stepan in Sabres zone.
5:58 of 1st period - Snap shot by Adrian Kempe.
5:58 of 1st period - Stopped by John Gibson without a rebound.
5:59 of 1st period - William Karlsson wins face-off versus John Tavares in Sabres zone.
6:09 of 1st period - Minor Penalty to Jakob Silfverberg for Hooking.
6:10 of 1st period - Erik Haula wins face-off versus John Tavares in Blackhawks zone.
6:24 of 1st period - Slapshot by John Tavares.
6:24 of 1st period - Shot Blocked by PK Subban.
7:02 of 1st period - Radko Gudas is hit by Sam Gagner and loses puck.
8:09 of 1st period - Penalty to Jakob Silfverberg is over, Jakob Silfverberg is back on ice.
8:30 of 1st period - James Wright is hit by Andrew Mangiapane and loses puck.
8:40 of 1st period - Icing by Tyson Barrie.
8:41 of 1st period - Ryan Getzlaf wins face-off versus William Karlsson in Sabres zone.
9:39 of 1st period - Minor Penalty to Jakob Chychrun for Interference.
9:40 of 1st period - Viktor Arvidsson wins face-off versus Erik Haula in Blackhawks zone.
10:03 of 1st period - Minor Penalty to Radko Gudas for Tripping.
10:04 of 1st period - John Tavares wins face-off versus Erik Haula in Blackhawks zone.
10:13 of 1st period - Wrist shot by John Tavares.
10:13 of 1st period - Shot Blocked by PK Subban.
10:31 of 1st period - Erik Haula is hit by Timo Meier and loses puck.
10:58 of 1st period - PK Subban is hit by Sam Gagner and loses puck.
11:39 of 1st period - Penalty to Jakob Chychrun is over, Jakob Chychrun is back on ice.
12:03 of 1st period - Penalty to Radko Gudas is over, Radko Gudas is back on ice.
12:33 of 1st period - Slapshot by Radko Gudas.
12:33 of 1st period - Stopped by John Gibson without a rebound.
12:34 of 1st period - Jamie Arniel wins face-off versus William Karlsson in Sabres zone.
13:01 of 1st period - Nick Bonino is hit by Evgeni Malkin and loses puck.
13:16 of 1st period - Snap shot by Derek Stepan.
13:16 of 1st period - Shot Misses the Net.
13:18 of 1st period - Slapshot by Nikita Zaitsev.
13:18 of 1st period - Stopped by John Gibson without a rebound.
13:19 of 1st period - Derek Stepan wins face-off versus John Tavares in Sabres zone.
13:22 of 1st period - Slapshot by Adrian Kempe.
13:22 of 1st period - Goal by Adrian Kempe - Sabres : 2 - Blackhawks : 2.
13:23 of 1st period - William Karlsson wins face-off versus Sam Gagner in neutral zone.
13:30 of 1st period - Wrist shot by Jakob Silfverberg.
13:30 of 1st period - Shot Blocked by Viktor Arvidsson.
13:51 of 1st period - Minor Penalty to Evgeni Malkin for Hooking.
13:52 of 1st period - John Tavares wins face-off versus Derek Stepan in Sabres zone.
14:01 of 1st period - Wrist shot by Thomas Chabot.
14:01 of 1st period - Shot Blocked by Mathew Dumba.
14:25 of 1st period - Slapshot by Jakob Chychrun.
14:25 of 1st period - Shot Misses the Net.
14:33 of 1st period - Wrist shot by Antoine Roussel.
14:33 of 1st period - Shot Blocked by Hampus Lindholm.
15:51 of 1st period - Penalty to Evgeni Malkin is over, Evgeni Malkin is back on ice.
16:39 of 1st period - Snap shot by Joe Pavelski.
16:39 of 1st period - Shot Misses the Net.
16:41 of 1st period - Backhand shot by Joe Pavelski.
16:41 of 1st period - Shot Blocked by Sean Bergenheim.
16:43 of 1st period - Slapshot by Joe Pavelski.
16:43 of 1st period - Shot Misses the Net.
16:45 of 1st period - Snap shot by Joe Pavelski.
16:45 of 1st period - Shot Misses the Net.
17:10 of 1st period - Nikita Zaitsev is hit by Petter Granberg and loses puck.
17:43 of 1st period - Wrist shot by Sam Gagner.
17:43 of 1st period - Stopped by Ilya Samsonov without a rebound.
17:44 of 1st period - Ryan Getzlaf wins face-off versus Nick Bonino in Blackhawks zone.
17:45 of 1st period - Snap shot by Sam Gagner.
17:45 of 1st period - Stopped by Ilya Samsonov without a rebound.
17:46 of 1st period - Nick Bonino wins face-off versus Ryan Getzlaf in Blackhawks zone.
18:51 of 1st period - Sam Gagner is hit by Sean Bergenheim.
18:59 of 1st period - Wrist shot by Sean Bergenheim.
18:59 of 1st period - Stopped by John Gibson with a rebound.
19:19 of 1st period - Nikita Zaitsev is hit by Timo Meier and loses puck.
19:42 of 1st period - Snap shot by Jakob Silfverberg.
19:42 of 1st period - Shot Misses the Net.
19:58 of 1st period - Andrew Mangiapane is hit by Robert Hagg and loses puck.
Goals for this period are 2 for Sabres vs 2 for Blackhawks.
Shots for this period are 5 for Sabres vs 9 for Blackhawks.
2nd period
0:01 of 2nd period - John Tavares wins face-off versus Adrian Kempe in neutral zone.
1:32 of 2nd period - Wrist shot by Jakob Silfverberg.
1:32 of 2nd period - Deflect By Antoine Roussel.
1:32 of 2nd period - Shot Blocked by Nate Schmidt.
1:32 of 2nd period - Puck is out of play.
1:33 of 2nd period - John Tavares wins face-off versus William Karlsson in Sabres zone.
1:49 of 2nd period - Off-side.
1:50 of 2nd period - Timo Meier wins face-off versus Derek Stepan in neutral zone.
2:17 of 2nd period - Jakob Silfverberg is hit by Sam Gagner and loses puck.
2:30 of 2nd period - Wrist shot by Viktor Arvidsson.
2:30 of 2nd period - Deflect By Sam Gagner.
2:30 of 2nd period - Stopped by Ilya Samsonov with a rebound.
3:40 of 2nd period - Off-side.
3:41 of 2nd period - Derek Stepan wins face-off versus John Tavares in neutral zone.
3:44 of 2nd period - Backhand shot by Thomas Chabot.
3:44 of 2nd period - Deflect By Viktor Arvidsson.
3:44 of 2nd period - Stopped by John Gibson with a rebound.
4:14 of 2nd period - Wrist shot by Jamie Arniel.
4:14 of 2nd period - Shot Blocked by Mike Amadio.
4:16 of 2nd period - Snap shot by Samuel Morin.
4:16 of 2nd period - Stopped by Ilya Samsonov without a rebound.
4:17 of 2nd period - Jamie Arniel wins face-off versus William Karlsson in Blackhawks zone.
4:24 of 2nd period - Slapshot by Hampus Lindholm.
4:24 of 2nd period - Shot Blocked by Jakob Chychrun.
4:26 of 2nd period - Snap shot by Joe Pavelski.
4:26 of 2nd period - Stopped by Ilya Samsonov without a rebound.
4:27 of 2nd period - John Tavares wins face-off versus William Karlsson in Blackhawks zone.
5:39 of 2nd period - Slapshot by Jakob Chychrun.
5:39 of 2nd period - Stopped by John Gibson without a rebound.
5:40 of 2nd period - Derek Stepan wins face-off versus Evgeni Malkin in Sabres zone.
7:15 of 2nd period - Backhand shot by Evgeni Malkin.
7:15 of 2nd period - Shot Misses the Net.
7:17 of 2nd period - Snap shot by Timo Meier.
7:17 of 2nd period - Shot Blocked by Robert Hagg.
7:19 of 2nd period - Slapshot by Noah Hanifin.
7:19 of 2nd period - Stopped by Ilya Samsonov without a rebound.
7:20 of 2nd period - John Tavares wins face-off versus Nick Bonino in Blackhawks zone.
7:34 of 2nd period - James Wright is hit by John Tavares and loses puck.
7:43 of 2nd period - John Tavares is hit by Radko Gudas and loses puck.
8:05 of 2nd period - Minor Penalty to Sam Gagner for Slashing.
8:06 of 2nd period - John Tavares wins face-off versus Derek Stepan in Sabres zone.
9:03 of 2nd period - John Tavares is hit by Erik Haula and loses puck.
9:36 of 2nd period - Jamie Arniel is hit by Thomas Chabot and loses puck.
10:05 of 2nd period - Penalty to Sam Gagner is over, Sam Gagner is back on ice.
10:16 of 2nd period - Andrew Mangiapane is hit by James Wright and loses puck.
10:23 of 2nd period - Wrist shot by Nick Bonino.
10:23 of 2nd period - Shot Misses the Net.
10:44 of 2nd period - Wrist shot by Jamie Arniel.
10:44 of 2nd period - Stopped by Ilya Samsonov with a rebound.
10:46 of 2nd period - Snap shot by Jamie Arniel.
10:46 of 2nd period - Stopped by Ilya Samsonov without a rebound.
10:47 of 2nd period - William Karlsson wins face-off versus Jamie Arniel in Blackhawks zone.
10:56 of 2nd period - Tyson Barrie is hit by Jakob Silfverberg and loses puck.
11:29 of 2nd period - Snap shot by John Tavares.
11:29 of 2nd period - Stopped by Ilya Samsonov with a rebound.
11:37 of 2nd period - Slapshot by Adrian Kempe.
11:37 of 2nd period - Shot Blocked by Hampus Lindholm.
13:18 of 2nd period - Snap shot by John Tavares.
13:18 of 2nd period - Goal by John Tavares - Sabres : 3 - Blackhawks : 2.
13:19 of 2nd period - Adrian Kempe wins face-off versus John Tavares in neutral zone.
13:24 of 2nd period - Slapshot by PK Subban.
13:24 of 2nd period - Stopped by John Gibson without a rebound.
13:25 of 2nd period - John Tavares wins face-off versus Derek Stepan in Sabres zone.
13:25 of 2nd period - John Tavares is hit by Derek Stepan.
13:37 of 2nd period - Snap shot by Sam Gagner.
13:37 of 2nd period - Stopped by Ilya Samsonov with a rebound.
13:39 of 2nd period - Minor Penalty to Adrian Kempe for Hooking.
13:40 of 2nd period - John Tavares wins face-off versus Erik Haula in Blackhawks zone.
13:43 of 2nd period - Wrist shot by John Tavares.
13:43 of 2nd period - Shot Blocked by PK Subban.
13:45 of 2nd period - Slapshot by Mathew Dumba.
13:45 of 2nd period - Goal by Mathew Dumba - Sabres : 4 - Blackhawks : 2.
13:45 of 2nd period - Joe Cannata enters game.
13:46 of 2nd period - John Tavares wins face-off versus Derek Stepan in neutral zone.
14:01 of 2nd period - Backhand shot by Thomas Chabot.
14:01 of 2nd period - Shot Blocked by Mathew Dumba.
14:03 of 2nd period - Wrist shot by Adrian Kempe.
14:03 of 2nd period - Shot Blocked by Viktor Arvidsson.
14:20 of 2nd period - Snap shot by David Backes.
14:20 of 2nd period - Deflect By Timo Meier.
14:20 of 2nd period - Stopped by Joe Cannata with a rebound.
14:40 of 2nd period - Wrist shot by Kyle Okposo.
14:40 of 2nd period - Stopped by Joe Cannata with a rebound.
15:29 of 2nd period - Icing by Derek Stepan.
15:30 of 2nd period - Derek Stepan wins face-off versus Evgeni Malkin in Blackhawks zone.
15:35 of 2nd period - Slapshot by Derek Stepan.
15:35 of 2nd period - Stopped by John Gibson without a rebound.
15:36 of 2nd period - Evgeni Malkin wins face-off versus Derek Stepan in Sabres zone.
15:40 of 2nd period - Minor Penalty to Evgeni Malkin for Hooking.
15:41 of 2nd period - Derek Stepan wins face-off versus John Tavares in Sabres zone.
15:48 of 2nd period - Snap shot by Jakob Silfverberg.
15:48 of 2nd period - Shot Misses the Net.
16:08 of 2nd period - Corey Perry is hit by Andrew Mangiapane and loses puck.
17:17 of 2nd period - Snap shot by Ryan Getzlaf.
17:17 of 2nd period - Stopped by Joe Cannata without a rebound.
17:18 of 2nd period - Derek Stepan wins face-off versus Ryan Getzlaf in Blackhawks zone.
17:40 of 2nd period - Penalty to Evgeni Malkin is over, Evgeni Malkin is back on ice.
17:55 of 2nd period - Snap shot by Timo Meier.
17:55 of 2nd period - Shot Blocked by Jakob Chychrun.
17:57 of 2nd period - Slapshot by Noah Hanifin.
17:57 of 2nd period - Stopped by Joe Cannata without a rebound.
17:58 of 2nd period - Sean Bergenheim wins face-off versus Evgeni Malkin in Blackhawks zone.
18:34 of 2nd period - Off-side.
18:35 of 2nd period - John Tavares wins face-off versus Derek Stepan in neutral zone.
19:32 of 2nd period - Wrist shot by Nick Bonino.
19:32 of 2nd period - Stopped by John Gibson without a rebound.
19:33 of 2nd period - Derek Stepan wins face-off versus John Tavares in Sabres zone.
19:42 of 2nd period - Backhand shot by Radko Gudas.
19:42 of 2nd period - Shot Blocked by John Tavares.
Goals for this period are 2 for Sabres vs 0 for Blackhawks.
Shots for this period are 14 for Sabres vs 5 for Blackhawks.
3rd period
0:01 of 3rd period - John Tavares wins face-off versus Derek Stepan in neutral zone.
0:04 of 3rd period - Adrian Kempe is hit by Sam Gagner and loses puck.
0:14 of 3rd period - Hampus Lindholm is hit by PK Subban and loses puck.
0:53 of 3rd period - Viktor Arvidsson is hit by Radko Gudas and loses puck.
1:16 of 3rd period - Icing by Mathew Dumba.
1:17 of 3rd period - Evgeni Malkin wins face-off versus Nick Bonino in Sabres zone.
1:22 of 3rd period - Nick Bonino is hit by David Backes and loses puck.
1:39 of 3rd period - Slapshot by Evgeni Malkin.
1:39 of 3rd period - Shot Misses the Net.
1:41 of 3rd period - Snap shot by Timo Meier.
1:41 of 3rd period - Shot Blocked by James Wright.
1:43 of 3rd period - Backhand shot by Evgeni Malkin.
1:43 of 3rd period - Stopped by Joe Cannata with a rebound.
1:45 of 3rd period - Slapshot by Petter Granberg.
1:45 of 3rd period - Stopped by Joe Cannata without a rebound.
1:46 of 3rd period - Ryan Getzlaf wins face-off versus Adrian Kempe in Blackhawks zone.
2:27 of 3rd period - Minor Penalty to William Karlsson for Slashing.
2:28 of 3rd period - John Tavares wins face-off versus Erik Haula in Blackhawks zone.
2:31 of 3rd period - Wrist shot by Viktor Arvidsson.
2:31 of 3rd period - Goal by Viktor Arvidsson - Sabres : 5 - Blackhawks : 2.
2:32 of 3rd period - John Tavares wins face-off versus Derek Stepan in neutral zone.
3:06 of 3rd period - Snap shot by William Karlsson.
3:06 of 3rd period - Stopped by John Gibson with a rebound.
3:30 of 3rd period - Wrist shot by Thomas Chabot.
3:30 of 3rd period - Shot Blocked by Hampus Lindholm.
3:32 of 3rd period - Slapshot by Thomas Chabot.
3:32 of 3rd period - Shot Misses the Net.
4:14 of 3rd period - Backhand shot by Antoine Roussel.
4:14 of 3rd period - Stopped by John Gibson without a rebound.
4:15 of 3rd period - John Tavares wins face-off versus Derek Stepan in Sabres zone.
4:20 of 3rd period - Snap shot by Viktor Arvidsson.
4:20 of 3rd period - Stopped by Joe Cannata without a rebound.
4:21 of 3rd period - Viktor Arvidsson wins face-off versus Derek Stepan in Blackhawks zone.
4:30 of 3rd period - Wrist shot by Viktor Arvidsson.
4:30 of 3rd period - Stopped by Joe Cannata with a rebound.
4:32 of 3rd period - Snap shot by Viktor Arvidsson.
4:32 of 3rd period - Shot Misses the Net.
4:34 of 3rd period - Snap shot by Nate Schmidt.
4:34 of 3rd period - Deflect By Adrian Kempe.
4:34 of 3rd period - Stopped by Joe Cannata without a rebound.
4:35 of 3rd period - John Tavares wins face-off versus Derek Stepan in Blackhawks zone.
4:58 of 3rd period - Minor Penalty to Adrian Kempe for Hooking.
4:59 of 3rd period - Mike Amadio wins face-off versus John Tavares in Blackhawks zone.
4:59 of 3rd period - Mike Amadio is hit by Mathew Dumba.
5:25 of 3rd period - Minor Penalty to Hampus Lindholm for Roughing.
5:26 of 3rd period - John Tavares wins face-off versus Jakob Silfverberg in Sabres zone.
5:35 of 3rd period - Snap shot by John Tavares.
5:35 of 3rd period - Stopped by Joe Cannata without a rebound.
5:36 of 3rd period - Jakob Silfverberg wins face-off versus Evgeni Malkin in Blackhawks zone.
5:36 of 3rd period - Jakob Silfverberg is hit by Mathew Dumba.
5:44 of 3rd period - Slapshot by Nikita Zaitsev.
5:44 of 3rd period - Stopped by John Gibson without a rebound.
5:45 of 3rd period - John Tavares wins face-off versus Antoine Roussel in Sabres zone.
6:58 of 3rd period - Penalty to Adrian Kempe is over, Adrian Kempe is back on ice.
7:23 of 3rd period - Slapshot by Mathew Dumba.
7:23 of 3rd period - Stopped by Joe Cannata with a rebound.
7:25 of 3rd period - Penalty to Hampus Lindholm is over, Hampus Lindholm is back on ice.
7:44 of 3rd period - Off-side.
7:45 of 3rd period - Erik Haula wins face-off versus Ryan Getzlaf in neutral zone.
7:45 of 3rd period - Erik Haula is hit by Andrew Mangiapane.
8:02 of 3rd period - Minor Penalty to Evgeni Malkin for Goalie Interference.
8:03 of 3rd period - Jamie Arniel wins face-off versus Derek Stepan in Sabres zone.
10:02 of 3rd period - Penalty to Evgeni Malkin is over, Evgeni Malkin is back on ice.
10:11 of 3rd period - Wrist shot by Evgeni Malkin.
10:11 of 3rd period - Shot Misses the Net.
10:13 of 3rd period - Snap shot by Evgeni Malkin.
10:13 of 3rd period - Goal by Evgeni Malkin - Sabres : 6 - Blackhawks : 2.
10:14 of 3rd period - Erik Haula wins face-off versus John Tavares in neutral zone.
10:49 of 3rd period - Slapshot by Derek Stepan.
10:49 of 3rd period - Deflect By Mike Amadio.
10:49 of 3rd period - Shot Misses the Net.
10:49 of 3rd period - Puck is out of play.
10:50 of 3rd period - Derek Stepan wins face-off versus Evgeni Malkin in Sabres zone.
11:15 of 3rd period - Nikita Zaitsev is hit by Viktor Arvidsson and loses puck.
11:34 of 3rd period - Wrist shot by Derek Stepan.
11:34 of 3rd period - Shot Blocked by Noah Hanifin.
11:36 of 3rd period - Snap shot by Mike Amadio.
11:36 of 3rd period - Shot Misses the Net.
11:38 of 3rd period - Wrist shot by Nikita Zaitsev.
11:38 of 3rd period - Shot Misses the Net.
11:40 of 3rd period - Wrist shot by Mike Amadio.
11:40 of 3rd period - Shot Misses the Net.
11:42 of 3rd period - Snap shot by Adrian Kempe.
11:42 of 3rd period - Shot Misses the Net.
11:44 of 3rd period - Snap shot by Mike Amadio.
11:44 of 3rd period - Shot Misses the Net.
12:10 of 3rd period - Snap shot by Derek Stepan.
12:10 of 3rd period - Stopped by John Gibson with a rebound.
12:12 of 3rd period - Snap shot by Nikita Zaitsev.
12:12 of 3rd period - Stopped by John Gibson with a rebound.
12:14 of 3rd period - Snap shot by Derek Stepan.
12:14 of 3rd period - Goal by Derek Stepan - Sabres : 6 - Blackhawks : 3.
12:15 of 3rd period - William Karlsson wins face-off versus David Backes in neutral zone.
12:50 of 3rd period - Thomas Chabot is hit by Kyle Okposo and loses puck.
13:10 of 3rd period - Slapshot by Nate Schmidt.
13:10 of 3rd period - Stopped by Joe Cannata with a rebound.
13:56 of 3rd period - Minor Penalty to Andrew Mangiapane for Hooking.
13:57 of 3rd period - John Tavares wins face-off versus Derek Stepan in Sabres zone.
14:13 of 3rd period - Snap shot by Derek Stepan.
14:13 of 3rd period - Stopped by John Gibson without a rebound.
14:14 of 3rd period - John Tavares wins face-off versus Derek Stepan in Sabres zone.
14:14 of 3rd period - John Tavares is hit by Derek Stepan.
14:20 of 3rd period - Minor Penalty to Derek Stepan for Hooking.
14:21 of 3rd period - John Tavares wins face-off versus Jakob Silfverberg in Blackhawks zone.
14:32 of 3rd period - Slapshot by Jakob Silfverberg.
14:32 of 3rd period - Deflect By Antoine Roussel.
14:32 of 3rd period - Shot Misses the Net.
14:32 of 3rd period - Puck is out of play.
14:33 of 3rd period - Jakob Silfverberg wins face-off versus John Tavares in Sabres zone.
15:30 of 3rd period - Sam Gagner is hit by Radko Gudas and loses puck.
15:56 of 3rd period - Penalty to Andrew Mangiapane is over, Andrew Mangiapane is back on ice.
16:03 of 3rd period - Snap shot by Ryan Getzlaf.
16:03 of 3rd period - Shot Misses the Net.
16:05 of 3rd period - Slapshot by Nate Schmidt.
16:05 of 3rd period - Shot Blocked by Nikita Zaitsev.
16:07 of 3rd period - Snap shot by Tyson Barrie.
16:07 of 3rd period - Stopped by Joe Cannata without a rebound.
16:08 of 3rd period - Erik Haula wins face-off versus John Tavares in Blackhawks zone.
16:20 of 3rd period - Penalty to Derek Stepan is over, Derek Stepan is back on ice.
16:38 of 3rd period - Slapshot by Tyson Barrie.
16:38 of 3rd period - Deflect By Brett Maclean.
16:38 of 3rd period - Stopped by Joe Cannata without a rebound.
16:39 of 3rd period - Derek Stepan wins face-off versus Evgeni Malkin in Blackhawks zone.
16:53 of 3rd period - Mike Amadio is hit by Mathew Dumba and loses puck.
17:11 of 3rd period - Slapshot by Thomas Chabot.
17:11 of 3rd period - Shot Misses the Net.
17:13 of 3rd period - Wrist shot by Corey Perry.
17:13 of 3rd period - Shot Blocked by Hampus Lindholm.
17:15 of 3rd period - Snap shot by Corey Perry.
17:15 of 3rd period - Shot Misses the Net.
17:17 of 3rd period - Slapshot by Erik Haula.
17:17 of 3rd period - Shot Misses the Net.
17:19 of 3rd period - Slapshot by Corey Perry.
17:19 of 3rd period - Goal by Corey Perry - Sabres : 6 - Blackhawks : 4.
17:20 of 3rd period - Erik Haula wins face-off versus Ryan Getzlaf in neutral zone.
17:29 of 3rd period - Slapshot by Hampus Lindholm.
17:29 of 3rd period - Deflect By Kyle Okposo.
17:29 of 3rd period - Stopped by Joe Cannata without a rebound.
17:30 of 3rd period - Erik Haula wins face-off versus Ryan Getzlaf in Blackhawks zone.
17:59 of 3rd period - Snap shot by Ryan Getzlaf.
17:59 of 3rd period - Shot Misses the Net.
18:13 of 3rd period - Andrew Mangiapane is hit by Erik Haula and loses puck.
18:47 of 3rd period - Backhand shot by Kyle Okposo.
18:47 of 3rd period - Stopped by Joe Cannata with a rebound.
19:05 of 3rd period - Snap shot by Kyle Okposo.
19:05 of 3rd period - Stopped by Joe Cannata without a rebound.
19:06 of 3rd period - Jamie Arniel wins face-off versus Derek Stepan in Blackhawks zone.
19:11 of 3rd period - Snap shot by Joe Pavelski.
19:11 of 3rd period - Stopped by Joe Cannata with a rebound.
19:17 of 3rd period - Snap shot by Adrian Kempe.
19:17 of 3rd period - Stopped by John Gibson without a rebound.
19:18 of 3rd period - William Karlsson wins face-off versus Samuel Morin in Sabres zone.
19:29 of 3rd period - Snap shot by Jakob Silfverberg.
19:29 of 3rd period - Stopped by John Gibson with a rebound.
19:31 of 3rd period - Wrist shot by Jakob Silfverberg.
19:31 of 3rd period - Stopped by John Gibson without a rebound.
19:32 of 3rd period - William Karlsson wins face-off versus Jamie Arniel in Sabres zone.
Goals for this period are 2 for Sabres vs 2 for Blackhawks.
Shots for this period are 16 for Sabres vs 11 for Blackhawks.